AoeStats
← BigCozy101

Black Forest

509697640Analyzed
3v3 RM · 5d ago on Sep 27, 2026· 15m 37s· 6 players
Game mode
Random Map
Map size
Normal (6 player)
Population
200
Speed
Normal
Resources
Standard
Victory
Conquest
Starting age
Dark Age
Ending age
Imperial Age
RankedLock teamsTeams togetherTeam positionsShared explorationLock speedFull tech treeHidden civsTurbo modeCheats
Victory
Defeat
🇺🇸 Malians · United States
687
+28
🇺🇸 Britons · United States
597
+17
🇺🇸 Romans · United States
596
+17
🇦🇷 Khmer · Argentina
651
-17
🇲🇽 Teutons · Mexico
633
-16
🇹🇷 Spanish · Türkiye
580
-14
BigCozy101
9:12 Loom
13:32 Feudal Age
14:51 Horse Collar
Gack13579
13:50 Feudal Age
14:11 Loom
15:53 Fletching
15:55 Double-Bit Axe
15:53 Horse Collar
Jazzbum
11:32 Feudal Age
14:49 Double-Bit Axe
14:46 Horse Collar
JuanPuma2608
0:48 Loom
11:57 Feudal Age
13:26 Wheelbarrow
13:34 Double-Bit Axe
Santos_la22
0:30 Loom
11:28 Feudal Age
12:45 Wheelbarrow
11:55 Double-Bit Axe
Tyrann03
1:21 Loom
13:42 Feudal Age
Connection lost

Rejoining the realm…

Still unreachable

The connection could not be restored.

Session expired

The server has moved on; the page needs a fresh start.